General information
- name: BNet
- type: Ladder team game (AT/RT)
- host: Battle.net
- saver: LoveAndHate
map: TwilightRuins
- players: 8
- length: 24:40
- speed: Fast
- version: 1.26 W3XP
- replay type: Public
» download(193 KB)
Players
team 1 (winner)
daniel009 (
green | 55 APM | 1364 actions | 24:39)
5 Death Knight
3 Death Coil
2 Unholy Aura
4 Lich
2 Frost Nova
2 Frost Armor
» actions
| Assign group hotkey | 24 | |
| Build / train | 82 | |
| Enter build submenu | 22 | |
| Enter hero's abilities submenu | 9 | |
| Give item / drop item | 1 | |
| Remove unit from queue | 1 | |
| Right click | 708 | |
| Select / deselect | 227 | |
| Select group hotkey | 200 | |
| Use ability | 90 | |
1364 total
» units
| Acolyte | 11 | |
| Ghoul | 5 | |
| Crypt Fiend | 7 | |
| Obsidian Statue | 1 | |
| Frost Wyrm | 5 | |
29 total
» upgrades
| Web | 1 | |
| Creature Attack | 3 | |
| Creature Carapace | 2 | |
| Freezing Breath | 1 | |
7 total
» buildings
| Graveyard | 1 | |
| Crypt | 1 | |
| Ziggurat | 10 | |
| Altar of Darkness | 1 | |
| Tomb of Relics | 1 | |
| Nerubian Tower | 1 | |
| Halls of the Dead | 1 | |
| Spirit Tower | 10 | |
| Black Citadel | 1 | |
| Slaughterhouse | 1 | |
| Sacrificial Pit | 1 | |
| Boneyard | 2 | |
| Necropolis | 1 | |
32 total
» build order
00:13 Graveyard
00:15 Crypt
00:41 Ziggurat
01:01 Altar of Darkness
01:58 Tomb of Relics
02:08 Nerubian Tower
02:34 Ziggurat
02:58 Ziggurat
05:45 Halls of the Dead
06:30 Ziggurat
07:47 Spirit Tower
08:08 Black Citadel
08:30 Slaughterhouse
10:15 Sacrificial Pit
10:21 Ziggurat
11:40 Boneyard
11:41 Boneyard
11:44 Ziggurat
12:48 Ziggurat
16:12 Ziggurat
16:14 Ziggurat
16:15 Ziggurat
16:51 Necropolis
17:34 Spirit Tower
17:35 Spirit Tower
17:37 Spirit Tower
18:16 Spirit Tower
19:18 Spirit Tower
19:24 Spirit Tower
19:25 Spirit Tower
» items
| Rod of Necromancy | 1 | |
| Dust of Appearance | 1 | |
| Potion of Lesser Invulnerability | 7 | |
| Boots of Speed | 2 | |
| Scroll of Healing | 3 | |
| Scroll of Protection | 4 | |
18 total

»
Roky.E[Eden] (
red | 106 APM | 2603 actions | 24:39)
5 Death Knight
3 Death Coil
2 Unholy Aura
5 Lich
3 Frost Nova
2 Frost Armor
4 Pit Lord
2 Howl of Terror
2 Cleaving Attack
» actions
| Assign group hotkey | 27 | |
| Basic commands | 340 | |
| Build / train | 56 | |
| Enter build submenu | 15 | |
| Enter hero's abilities submenu | 14 | |
| Give item / drop item | 1 | |
| Right click | 870 | |
| Select / deselect | 456 | |
| Select group hotkey | 715 | |
| Use ability | 109 | |
2603 total
» units
| Acolyte | 2 | |
| Ghoul | 2 | |
| Crypt Fiend | 11 | |
| Obsidian Statue | 4 | |
19 total
» upgrades
| Creature Attack | 3 | |
| Burrow | 1 | |
| Web | 1 | |
| Creature Carapace | 3 | |
8 total
» buildings
| Graveyard | 1 | |
| Crypt | 1 | |
| Altar of Darkness | 1 | |
| Ziggurat | 6 | |
| Tomb of Relics | 2 | |
| Halls of the Dead | 1 | |
| Black Citadel | 1 | |
| Slaughterhouse | 1 | |
| Spirit Tower | 1 | |
| Necropolis | 1 | |
16 total
» build order
00:16 Graveyard
00:19 Crypt
00:44 Altar of Darkness
00:57 Ziggurat
01:12 Tomb of Relics
01:15 Tomb of Relics
01:35 Ziggurat
03:23 Ziggurat
04:29 Halls of the Dead
05:07 Ziggurat
07:23 Black Citadel
07:27 Slaughterhouse
08:08 Ziggurat
10:22 Ziggurat
17:42 Spirit Tower
22:52 Necropolis
» items
| Rod of Necromancy | 1 | |
| Scroll of Town Portal | 4 | |
| Orb of Corruption | 1 | |
| Scroll of Healing | 2 | |
| Dust of Appearance | 1 | |
9 total
JaguaR- (
purple | 81 APM | 2000 actions | 24:39)
5 Priestess of the Moon
2 Searing Arrows
3 Trueshot Aura
» actions
| Assign group hotkey | 88 | |
| Basic commands | 232 | |
| Build / train | 32 | |
| Enter build submenu | 14 | |
| Enter hero's abilities submenu | 5 | |
| Right click | 730 | |
| Select / deselect | 191 | |
| Select group hotkey | 678 | |
| Use ability | 30 | |
2000 total
» units
» buildings
| Altar of Elders | 1 | |
| Moon Well | 8 | |
| Hunter's Hall | 1 | |
| Ancient of War | 2 | |
| Ancient Protector | 2 | |
| Tree of Life | 1 | |
15 total
» build order
00:41 Altar of Elders
00:46 Moon Well
02:08 Hunter's Hall
02:39 Ancient of War
02:41 Ancient of War
03:04 Moon Well
03:07 Moon Well
03:26 Moon Well
06:53 Ancient Protector
06:55 Ancient Protector
09:23 Moon Well
09:23 Moon Well
09:24 Moon Well
09:25 Moon Well
13:30 Tree of Life
LoveAndHate (
blue | 78 APM | 1920 actions | 24:40)
6 Archmage
3 Summon Water Elemental
2 Brilliance Aura
1 Mass Teleport
» actions
| Assign group hotkey | 130 | |
| Basic commands | 65 | |
| Build / train | 73 | |
| Enter build submenu | 39 | |
| Enter hero's abilities submenu | 6 | |
| Give item / drop item | 4 | |
| Right click | 680 | |
| Select / deselect | 321 | |
| Select group hotkey | 477 | |
| Use ability | 125 | |
1920 total
» units
| Peasant | 12 | |
| Footman | 4 | |
| Goblin Shredder | 1 | |
| Dragonhawk Rider | 9 | |
| Gryphon Rider | 2 | |
28 total
» upgrades
| Lumber Harvesting | 1 | |
| Masonry | 3 | |
| Cloud | 1 | |
| Swords | 3 | |
| Armor | 3 | |
| Animal War Training | 1 | |
| Storm Hammers | 1 | |
13 total
» buildings
| Altar of Kings | 1 | |
| Barracks | 1 | |
| Farm | 15 | |
| Scout Tower | 20 | |
| Arcane Tower | 2 | |
| Keep | 1 | |
| Arcane Vault | 3 | |
| Lumber Mill | 1 | |
| Guard Tower | 5 | |
| Castle | 1 | |
| Blacksmith | 4 | |
| Town Hall | 2 | |
| Gryphon Aviary | 7 | |
63 total
» build order
00:37 Altar of Kings
00:39 Barracks
00:56 Farm
01:05 Farm
01:06 Farm
01:20 Scout Tower
02:07 Arcane Tower
02:41 Farm
03:25 Keep
03:55 Farm
04:01 Arcane Vault
04:23 Lumber Mill
05:38 Scout Tower
05:39 Scout Tower
05:47 Scout Tower
05:49 Scout Tower
06:17 Guard Tower
06:55 Guard Tower
07:06 Castle
07:50 Blacksmith
07:51 Blacksmith
08:34 Town Hall
08:37 Arcane Vault
08:39 Scout Tower
08:40 Scout Tower
08:40 Scout Tower
08:41 Scout Tower
08:43 Scout Tower
08:43 Scout Tower
08:43 Scout Tower
08:44 Scout Tower
08:54 Gryphon Aviary
08:55 Gryphon Aviary
09:12 Guard Tower
10:10 Guard Tower
10:15 Farm
10:24 Farm
10:25 Farm
11:16 Farm
11:31 Gryphon Aviary
11:37 Arcane Tower
12:19 Blacksmith
12:21 Blacksmith
21:27 Gryphon Aviary
21:28 Gryphon Aviary
21:29 Gryphon Aviary
22:29 Town Hall
22:39 Arcane Vault
22:41 Scout Tower
22:41 Scout Tower
22:42 Scout Tower
22:43 Scout Tower
22:43 Scout Tower
22:43 Scout Tower
22:44 Scout Tower
23:09 Gryphon Aviary
23:18 Farm
23:18 Farm
23:18 Farm
23:18 Farm
23:59 Guard Tower
24:05 Farm
» items
| Scroll of Regeneration | 3 | |
| Mechanical Critter | 3 | |
| Dust of Appearance | 1 | |
| Boots of Speed | 1 | |
| Periapt of Vitality | 2 | |
| Staff of Teleportation | 1 | |
| Potion of Healing | 2 | |
| Scroll of Town Portal | 2 | |
| Orb of Corruption | 1 | |
16 total
team 2 (loser)

»
BlackOuT (
yellow | 82 APM | 2014 actions | 24:38)
2 Blood Mage
1 Flame Strike
1 Siphon Mana
1 Archmage
1 Blizzard
2 Mountain King
1 Storm Bolt
1 Bash
» actions
| Assign group hotkey | 36 | |
| Basic commands | 2 | |
| Build / train | 109 | |
| Enter build submenu | 29 | |
| Enter hero's abilities submenu | 5 | |
| Give item / drop item | 2 | |
| Remove unit from queue | 2 | |
| Right click | 927 | |
| Select / deselect | 321 | |
| Select group hotkey | 482 | |
| Use ability | 99 | |
2014 total
» units
| Peasant | 17 | |
| Sorceress | 7 | |
| Mortar Team | 9 | |
| Rifleman | 12 | |
| Flying Machine | 16 | |
61 total
» upgrades
| Masonry | 2 | |
| Lumber Harvesting | 1 | |
| Sorceress Training | 2 | |
| Gunpowder | 3 | |
| Flak Cannons | 1 | |
| Plating | 1 | |
10 total
» buildings
| Altar of Kings | 1 | |
| Farm | 18 | |
| Lumber Mill | 3 | |
| Scout Tower | 7 | |
| Arcane Vault | 1 | |
| Arcane Tower | 3 | |
| Guard Tower | 9 | |
| Keep | 1 | |
| Blacksmith | 1 | |
| Arcane Sanctum | 1 | |
| Workshop | 3 | |
| Castle | 1 | |
49 total
» build order
00:22 Altar of Kings
00:29 Farm
01:13 Lumber Mill
01:27 Farm
01:32 Scout Tower
01:48 Arcane Vault
02:02 Scout Tower
02:04 Arcane Tower
02:04 Arcane Tower
02:04 Arcane Tower
02:18 Scout Tower
02:47 Guard Tower
02:57 Guard Tower
03:20 Farm
03:29 Keep
04:03 Scout Tower
04:05 Scout Tower
04:06 Scout Tower
04:27 Farm
05:14 Guard Tower
05:14 Guard Tower
05:21 Farm
05:24 Guard Tower
06:09 Scout Tower
06:17 Blacksmith
06:24 Arcane Sanctum
06:42 Guard Tower
06:48 Farm
07:33 Workshop
07:42 Workshop
07:55 Workshop
08:49 Farm
10:39 Farm
10:56 Farm
14:46 Farm
14:46 Farm
14:47 Farm
17:23 Farm
17:24 Farm
17:25 Farm
17:26 Farm
17:32 Farm
17:33 Farm
18:08 Castle
19:11 Lumber Mill
19:19 Lumber Mill
» items
| Scroll of Regeneration | 3 | |
| Lesser Clarity Potion | 3 | |
| Scroll of Town Portal | 3 | |
| Potion of Healing | 2 | |
11 total
GodHand (
pink | 59 APM | 1421 actions | 24:10)
5 Tauren Chieftain
2 Endurance Aura
3 Shockwave
3 Shadow Hunter
2 Healing Wave
1 Hex
» actions
| Assign group hotkey | 20 | |
| Basic commands | 104 | |
| Build / train | 69 | |
| ESC pressed | 1 | |
| Enter build submenu | 25 | |
| Enter hero's abilities submenu | 8 | |
| Give item / drop item | 5 | |
| Right click | 318 | |
| Select / deselect | 375 | |
| Select group hotkey | 410 | |
| Use ability | 86 | |
1421 total
» units
| Peon | 11 | |
| Grunt | 15 | |
| Rifleman | 4 | |
| Goblin Shredder | 1 | |
| Tauren | 2 | |
33 total
» upgrades
| Armor | 3 | |
| Berserker Strength | 1 | |
| Melee Weapons | 1 | |
| Pillage | 1 | |
| Long Rifles | 1 | |
| Reinforced Defenses | 1 | |
| Pulverize | 1 | |
| Spirit Walker Training | 1 | |
10 total
» buildings
| Barracks | 1 | |
| Orc Burrow | 7 | |
| Altar of Storms | 2 | |
| Voodoo Lounge | 2 | |
| Stronghold | 1 | |
| War Mill | 3 | |
| Great Hall | 2 | |
| Watch Tower | 3 | |
| Fortress | 1 | |
| Tauren Totem | 2 | |
| Spirit Lodge | 1 | |
25 total
» build order
00:21 Barracks
00:36 Orc Burrow
00:52 Altar of Storms
01:39 Orc Burrow
02:04 Voodoo Lounge
02:08 Voodoo Lounge
02:52 Orc Burrow
04:04 Stronghold
04:36 War Mill
06:38 Orc Burrow
07:02 Great Hall
08:12 Watch Tower
08:15 Watch Tower
08:17 Watch Tower
10:14 Fortress
10:43 Orc Burrow
12:53 Tauren Totem
13:07 Spirit Lodge
15:04 Orc Burrow
16:04 Orc Burrow
16:47 Tauren Totem
18:44 Altar of Storms
19:01 War Mill
19:33 War Mill
23:18 Great Hall
» items
| Healing Salve | 6 | |
| Scroll of Town Portal | 5 | |
| Orb of Lightning | 1 | |
| Ring of Protection +3 | 1 | |
| Pendant of Energy | 1 | |
14 total

»
FOOK_ME (
orange | 67 APM | 1319 actions | 19:35)
3 Blademaster
1 Wind Walk
2 Critical Strike
2 Shadow Hunter
1 Healing Wave
1 Hex
» actions
| Assign group hotkey | 26 | |
| Basic commands | 17 | |
| Build / train | 58 | |
| Enter build submenu | 9 | |
| Enter hero's abilities submenu | 5 | |
| Right click | 514 | |
| Select / deselect | 204 | |
| Select group hotkey | 436 | |
| Use ability | 50 | |
1319 total
» units
| Peon | 7 | |
| Grunt | 4 | |
| Wind Rider | 8 | |
| Troll Batrider | 7 | |
26 total
» upgrades
| Berserker Strength | 1 | |
| Melee Weapons | 1 | |
| Armor | 1 | |
| Envenomed Spears | 2 | |
| Pillage | 1 | |
| Liquid Fire | 1 | |
| Ranged Weapons | 2 | |
9 total
» buildings
| Altar of Storms | 1 | |
| Orc Burrow | 3 | |
| Barracks | 1 | |
| Voodoo Lounge | 1 | |
| War Mill | 1 | |
| Stronghold | 3 | |
| Watch Tower | 1 | |
| Fortress | 3 | |
| Beastiary | 2 | |
16 total
» build order
00:20 Altar of Storms
00:31 Orc Burrow
01:34 Barracks
01:44 Orc Burrow
02:02 Voodoo Lounge
02:19 War Mill
03:22 Stronghold
03:22 Stronghold
03:22 Stronghold
04:23 Watch Tower
04:53 Orc Burrow
06:06 Fortress
06:06 Fortress
06:06 Fortress
08:59 Beastiary
09:00 Beastiary
» items
| Healing Salve | 1 | |
| Lesser Clarity Potion | 3 | |
| Scroll of Town Portal | 3 | |
| Scroll of Speed | 1 | |
| Scroll of Healing | 1 | |
| Orb of Lightning | 1 | |
10 total

»
EnglishKniggits (
teal | 38 APM | 383 actions | 09:57)
2 Mountain King
1 Storm Bolt
1 Bash
» actions
| Assign group hotkey | 22 | |
| Basic commands | 22 | |
| Build / train | 36 | |
| Enter build submenu | 17 | |
| Enter hero's abilities submenu | 2 | |
| Right click | 81 | |
| Select / deselect | 57 | |
| Select group hotkey | 118 | |
| Use ability | 28 | |
383 total
» units
» upgrades
» buildings
| Lumber Mill | 1 | |
| Farm | 9 | |
| Blacksmith | 2 | |
| Barracks | 2 | |
| Altar of Kings | 1 | |
| Arcane Vault | 1 | |
| Keep | 1 | |
| Town Hall | 1 | |
18 total
» build order
00:19 Lumber Mill
00:37 Farm
00:41 Farm
00:47 Farm
01:01 Farm
01:03 Farm
01:17 Blacksmith
01:19 Blacksmith
01:54 Farm
01:54 Farm
02:04 Barracks
02:21 Barracks
02:32 Altar of Kings
02:45 Farm
02:47 Arcane Vault
06:08 Keep
06:49 Town Hall
09:03 Farm
» items
Chat log
(00:12 / Allies) JaguaR-: hi
(00:18 / Allies) JaguaR-: i'm massing hunts
(00:19 / All) LoveAndHate: Hello you all, you're all looking so lovely this evening
(00:19 / Allies) JaguaR-: with potm
(00:25 / Allies) LoveAndHate: Fabulous
(00:25 / Allies) JaguaR-: and hard pushing
(00:27 / All) GodHand: thank you
(00:30 / Allies) LoveAndHate: Outstanding
(00:49 / Allies) Roky.E[Eden]: i'll come iwth ya
(00:50 / Allies) Roky.E[Eden]: purp
(01:02 / Allies) Roky.E[Eden]: just call for hte push and say when
(01:14 / Allies) JaguaR-: u creep till lvl 3
(01:16 / Allies) JaguaR-: then u come
(01:18 / Allies) Roky.E[Eden]: perfec
(01:18 / Allies) JaguaR-: and we rock
(01:20 / Allies) Roky.E[Eden]: perfect*
(01:20 / Allies) Roky.E[Eden]: ye
(01:29 / Allies) Roky.E[Eden]: i'm just massing fiends then
(01:31 / Allies) Roky.E[Eden]: green get frost?
(01:49 / Allies) daniel009: fiends if they rush
(01:53 / Allies) daniel009: wyrm late
(01:54 / Allies) JaguaR-: yellow is going to tech
(01:56 / Allies) Roky.E[Eden]: ye
(02:02 / Allies) Roky.E[Eden]: xD u have mh?
(02:25 / Allies) Roky.E[Eden]: u kind of just screwed urself there lol
(02:52 / Allies) daniel009: i do not know never maphuck
(03:16 / Allies) Roky.E[Eden]: yo purp let me know when the best time to hit is
(03:57 / Allies) daniel009: haha
(04:00 / Allies) daniel009: one top
(04:10 / Allies) daniel009: i wil coil he lucjky]
(04:45 / Allies) Roky.E[Eden]: almost lvl 3
(04:47 / Allies) Roky.E[Eden]: u about ready?
(04:50 / Allies) JaguaR-: k
(04:54 / Allies) Roky.E[Eden]: 1 last cree
(04:56 / Allies) Roky.E[Eden]: p
(04:59 / Allies) JaguaR-: he towering
(05:16 / Allies) JaguaR-: ill 50/50
(05:17 / Allies) JaguaR-: then feed u
(05:21 / Allies) Roky.E[Eden]: kk
(05:27 / All) LoveAndHate: you are damn stupid
(05:29 / Allies) JaguaR-: come
(05:31 / Allies) JaguaR-: focus tower
(05:40 / Allies) Roky.E[Eden]: on my way
(06:10 / Allies) JaguaR-: skip
(06:12 / Allies) JaguaR-: base
(06:16 / Allies) JaguaR-: turn a round
(06:22 / Allies) Roky.E[Eden]: ?
(06:27 / Allies) JaguaR-: lots of tower
(06:33 / Allies) JaguaR-: expoing
(06:34 / All) LoveAndHate: awsome
(06:47 / All) LoveAndHate: Orange you have to be the dumbest player ot ever get lucky like that
(06:49 / All) LoveAndHate: either that or mh
(07:02 / All) FOOK_ME: u mad bro?
(07:09 / All) LoveAndHate: yeah harassing level 1
(07:14 / All) LoveAndHate: fucking newbie
(07:28 / All) LoveAndHate: that's why you're 20 games sub 50%
(07:32 / All) FOOK_ME: why u mad?
(07:35 / Allies) Roky.E[Eden]: go
(07:37 / All) LoveAndHate: because you are bad and bothering me
(08:00 / Allies) Roky.E[Eden]: he aint about to do shit
(08:13 / Allies) JaguaR-: hit hard
(09:40 / All) EnglishKniggits: now they tp after i lose my army
(09:55 / All) EnglishKniggits: fuckin morons
(10:09 / Allies) Roky.E[Eden]: purp
(10:10 / Allies) JaguaR-: expo
(10:10 / Allies) Roky.E[Eden]: if ur gonna fed me
(10:11 / Allies) Roky.E[Eden]: some
(10:15 / Allies) Roky.E[Eden]: feed me asap
(10:27 / Allies) JaguaR-: they coming to me
(10:29 / Allies) JaguaR-: tp fast
(10:41 / Allies) Roky.E[Eden]: illl be ready
(10:43 / Allies) Roky.E[Eden]: grabbing pit
(10:49 / Allies) JaguaR-: they pushing hard
(10:51 / Allies) JaguaR-: TP NOW
(11:03 / Allies) JaguaR-: i have no tp
(11:15 / Allies) JaguaR-: COME
(11:16 / Allies) JaguaR-: NOW
(11:50 / All) LoveAndHate: You're a horrible faggot orange
(12:00 / All) LoveAndHate: you mad you mad?
(12:05 / All) LoveAndHate: wow aren't you the king of wit
(12:29 / All) LoveAndHate: fucking creeps on this map
(12:34 / All) LoveAndHate: why blizzard
(12:38 / All) LoveAndHate: can't make new maps
(12:44 / All) LoveAndHate: lazy motehrfuckers
(13:16 / Allies) JaguaR-: i have nothing
(13:35 / All) LoveAndHate: wow you're good you can wind walk and right click oh my god
(13:59 / Allies) JaguaR-: counter now or gg
(14:00 / Allies) JaguaR-: ...
(14:08 / Allies) LoveAndHate: counter teal
(14:20 / Allies) JaguaR-: kill bm
(14:46 / Allies) daniel009: noob
(15:02 / Allies) JaguaR-: lets hit teal
(15:03 / Allies) JaguaR-: now
(15:04 / Allies) JaguaR-: please
(15:15 / Allies) JaguaR-: PINK HERE
(15:15 / Allies) Roky.E[Eden]: lets
(15:16 / Allies) Roky.E[Eden]: go
(15:17 / Allies) JaguaR-: INTERCEPT
(15:30 / All) LoveAndHate: you mad bro?
(16:07 / Allies) JaguaR-: yellow coming to me
(16:35 / Allies) JaguaR-: i'm dead
(16:52 / Allies) JaguaR-: hit pink now
(17:07 / Allies) Roky.E[Eden]: tp to me after?
(17:09 / Allies) JaguaR-: yes
(17:12 / Allies) JaguaR-: all tp to red plz
(17:15 / Allies) JaguaR-: dont let him go
(17:16 / Allies) JaguaR-: or gg
(17:27 / Allies) JaguaR-: burrows
(17:28 / Allies) Roky.E[Eden]: ff hall
(17:40 / Allies) Roky.E[Eden]: be ready to tp
(17:43 / Allies) JaguaR-: yes
(17:44 / Allies) Roky.E[Eden]: tell us
(17:45 / Allies) Roky.E[Eden]: when
(17:46 / Allies) JaguaR-: he coming
(17:46 / Allies) JaguaR-: go
(17:47 / Allies) JaguaR-: go
(17:50 / Allies) JaguaR-: intercept
(17:51 / Allies) JaguaR-: him
(17:52 / All) LoveAndHate: lol
(17:54 / All) LoveAndHate: you mad bro?
(18:02 / All) FOOK_ME: yeah :(
(18:03 / Allies) Roky.E[Eden]: tp
(18:04 / Allies) JaguaR-: INTERCEPT
(18:05 / Allies) JaguaR-: HIM
(18:10 / Allies) JaguaR-: go team
(18:18 / Allies) JaguaR-: HELP RED
(18:57 / All) LoveAndHate: creeps horrible
(19:05 / Allies) JaguaR-: wp blue
(19:24 / Allies) Roky.E[Eden]: geren
(19:25 / Allies) Roky.E[Eden]: come
(19:44 / All) Roky.E[Eden]: g
(19:45 / All) Roky.E[Eden]: G
(20:17 / Allies) JaguaR-: yellow is goint to middle
(20:24 / Allies) Roky.E[Eden]: thats fine
(20:28 / Allies) Roky.E[Eden]: let me know when eh's about to hit someone's base
(20:30 / Allies) Roky.E[Eden]: i'll tp
(20:41 / Allies) JaguaR-: intercept
(20:42 / Allies) JaguaR-: him
(20:48 / Allies) JaguaR-: go
(20:56 / Allies) Roky.E[Eden]: going
(20:56 / Allies) Roky.E[Eden]: sorry
(21:01 / Allies) JaguaR-: fight
(21:01 / Allies) JaguaR-: come
(21:02 / Allies) Roky.E[Eden]: gogo
(21:03 / Allies) Roky.E[Eden]: go
(21:06 / Allies) Roky.E[Eden]: green go
(21:08 / Allies) JaguaR-: go green
(21:09 / Allies) JaguaR-: fight
(22:17 / Allies) JaguaR-: go plz
(22:45 / Allies) JaguaR-: hit please
(22:46 / Allies) JaguaR-: i gtg
(23:37 / Allies) JaguaR-: fight
(24:09 / All) GodHand: gg
(24:14 / All) JaguaR-: ggb ud
(24:19 / All) JaguaR-: Bud
(24:34 / 4) LoveAndHate: stay you might win